AoeStats
← HAN | Roronoa Zoro

Arabia

505114428Analyzed
2v2 RM · 26d ago on Sep 7, 2026· 46m 40s· 4 players
Game mode
Random Map
Map size
Medium (4 player)
Population
200
Speed
Normal
Resources
Standard
Victory
Conquest
Starting age
Dark Age
Ending age
Imperial Age
RankedLock teamsTeams togetherTeam positionsShared explorationLock speedFull tech treeHidden civsTurbo modeCheats
Victory
Defeat
🇹🇷 Magyars · Türkiye
1187
+11
🇹🇷 Britons · Türkiye
1141
+13
🇨🇱 Mongols · Chile
1096
-13
🇨🇱 Lithuanians · Chile
1047
-11
Bastrip
3:39 Loom
6:26 Loom
9:10 Feudal Age
10:50 Double-Bit Axe
17:02 Bloodlines
18:14 Forging
23:13 Castle Age
23:02 Horse Collar
29:08 Scale Barding Armor
29:37 Town Watch
32:44 Heavy Plow
33:15 Husbandry
34:35 Chain Barding Armor
39:45 Imperial Age
40:33 Iron Casting
39:56 Gold Mining
41:44 Fletching
42:23 Bodkin Arrow
43:52 Wheelbarrow
45:55 Conscription
Valky
10:10 Feudal Age
8:27 Loom
10:17 Loom
10:49 Double-Bit Axe
19:25 Castle Age
17:35 Horse Collar
19:03 Gold Mining
19:33 Fletching
20:25 Bow Saw
23:55 Bodkin Arrow
24:44 Ballistics
25:22 Bloodlines
25:59 Padded Archer Armor
27:08 Husbandry
27:31 Elite Skirmisher
32:48 Heavy Plow
33:31 Leather Archer Armor
35:55 Stone Mining
37:45 Wheelbarrow
41:50 Imperial Age
41:54 Thumb Ring
43:35 Conscription
43:56 Scale Barding Armor
44:02 Forging
HAN | Roronoa Zoro
5:36 Loom
9:53 Feudal Age
12:36 Double-Bit Axe
15:05 Fletching
17:14 Horse Collar
24:28 Castle Age
23:15 Gold Mining
24:55 Crossbowman
25:32 Bodkin Arrow
27:13 Stone Mining
28:24 Bow Saw
28:52 Gold Shaft Mining
29:18 Padded Archer Armor
30:31 Wheelbarrow
30:57 Leather Archer Armor
33:34 Hand Cart
32:41 Pikeman
37:57 Imperial Age
36:00 Heavy Plow
39:58 Chemistry
40:00 Arbalester
40:42 Bracer
43:07 Warwolf
ohyeahbeybi
6:09 Loom
9:14 Feudal Age
10:01 Double-Bit Axe
10:10 Horse Collar
14:22 Wheelbarrow
20:08 Castle Age
19:04 Gold Mining
20:01 Bloodlines
19:46 Fletching
23:22 Padded Archer Armor
24:06 Town Watch
25:22 Ballistics
24:59 Bodkin Arrow
28:49 Leather Archer Armor
30:55 Bow Saw
31:30 Hand Cart
33:31 Caravan
34:23 Scale Barding Armor
36:45 Town Patrol
36:59 Heavy Plow
41:12 Imperial Age
38:37 Light Cavalry
39:18 Husbandry
42:33 Conscription
41:53 Hussar
44:12 Chain Barding Armor
45:55 Plate Barding Armor
Connection lost

Rejoining the realm…

Still unreachable

The connection could not be restored.

Session expired

The server has moved on; the page needs a fresh start.